AoeStats
← [DMSS] IGKnud

Arabia

512202062Analyzed
3v3 RM · 11d ago on Oct 8, 2026· 59m 9s· 6 players
Game mode
Random Map
Map size
Normal (6 player)
Population
200
Speed
Normal
Resources
Standard
Victory
Conquest
Starting age
Dark Age
Ending age
Imperial Age
RankedLock teamsTeams togetherTeam positionsShared explorationLock speedFull tech treeHidden civsTurbo modeCheats
Victory
Defeat
🇦🇷 Ethiopians · Argentina
1029
+13
🇲🇽 Varangians · Mexico
955
+16
🇦🇷 Persians · Argentina
949
+17
vs
🇦🇷 Japanese · Argentina
987
-42
🇦🇷 Britons · Argentina
975
-16
🇦🇷 Portuguese · Argentina
938
-14
dafr1997
5:04 Loom
9:47 Feudal Age
10:51 Double-Bit Axe
13:32 Bloodlines
13:28 Town Watch
16:47 Wheelbarrow
16:37 Horse Collar
20:25 Castle Age
18:37 Fletching
18:49 Padded Archer Armor
21:08 Scale Barding Armor
21:39 Bow Saw
22:27 Chain Barding Armor
23:34 Bodkin Arrow
24:11 Husbandry
28:40 Heavy Plow
29:08 Forging
34:33 Town Patrol
35:21 Light Cavalry
38:06 Hand Cart
38:30 Iron Casting
47:37 Ballistics
55:06 Imperial Age
56:25 Conscription
55:38 Heavy Scorpion
56:33 Vendel Legacy
[DMSS] esconeco
2:58 Loom
10:17 Feudal Age
11:38 Double-Bit Axe
16:59 Horse Collar
21:53 Castle Age
21:47 Scale Barding Armor
23:02 Bow Saw
27:58 Husbandry
28:30 Heavy Plow
35:48 Bloodlines
36:06 Chain Barding Armor
40:32 Imperial Age
40:57 Forging
40:25 Cavalier
41:51 Wheelbarrow
41:09 Gold Mining
41:10 Stone Mining
42:52 Plate Barding Armor
42:17 Scale Mail Armor
43:42 Savar
45:41 Iron Casting
46:24 Two-Man Saw
46:53 Conscription
46:35 Kamandaran
47:16 Crossbowman
48:26 Chain Mail Armor
50:22 Chemistry
53:40 Thumb Ring
57:33 Light Cavalry
58:23 Bloodlines
58:30 Hussar
60:14 Gold Shaft Mining
[DMSS] IGKnud
4:09 Loom
10:11 Feudal Age
10:50 Double-Bit Axe
13:47 Fletching
19:48 Castle Age
18:41 Padded Archer Armor
19:28 Gold Mining
20:00 Crossbowman
20:39 Bodkin Arrow
31:39 Imperial Age
29:50 Wheelbarrow
30:56 Horse Collar
33:30 Chemistry
32:51 Ballistics
31:58 Arbalester
41:48 Hand Cart
42:45 Scale Mail Armor
43:17 Forging
43:07 Bracer
43:34 Bow Saw
43:45 Thumb Ring
44:21 Chain Mail Armor
44:23 Leather Archer Armor
46:13 Iron Casting
48:54 Scale Barding Armor
49:19 Ring Archer Armor
49:50 Light Cavalry
51:02 Husbandry
50:59 Town Watch
52:17 Two-Man Saw
51:22 Heavy Plow
52:14 Chain Barding Armor
51:45 Hussar
55:39 Conscription
57:31 Blast Furnace
julian.cusumano23
0:59 Loom
9:42 Feudal Age
10:26 Horse Collar
10:43 Double-Bit Axe
12:28 Gold Mining
15:18 Wheelbarrow
20:36 Castle Age
20:19 Scale Mail Armor
20:24 Padded Archer Armor
23:22 Stone Mining
27:03 Fletching
27:30 Chain Mail Armor
27:26 Forging
28:55 Murder Holes
35:03 Imperial Age
36:57 Bow Saw
41:39 Pikeman
42:05 Gambesons
42:21 Squires
44:12 Halberdier
44:37 Arson
47:30 Two-Man Saw
46:33 Heavy Scorpion
54:31 Forging
54:31 Bodkin Arrow
55:24 Heavy Plow
Gordo
1:44 Loom
10:34 Feudal Age
19:15 Castle Age
18:35 Double-Bit Axe
25:18 Elite Skirmisher
28:33 Town Watch
31:28 Horse Collar
36:00 Heavy Plow
35:54 Gold Mining
35:54 Stone Mining
36:17 Bow Saw
38:23 Fletching
38:34 Padded Archer Armor
40:27 Leather Archer Armor
40:09 Bodkin Arrow
52:05 Wheelbarrow
Mitolia
6:55 Loom
10:45 Feudal Age
12:35 Double-Bit Axe
15:32 Horse Collar
25:20 Wheelbarrow
28:34 Castle Age
26:58 Fletching
27:08 Padded Archer Armor
27:21 Scale Mail Armor
27:46 Forging
28:42 Crossbowman
29:20 Bodkin Arrow
29:41 Leather Archer Armor
29:52 Pikeman
30:33 Squires
31:39 Stone Mining
31:39 Gold Mining
32:03 Bow Saw
37:32 Gold Shaft Mining
38:43 Hand Cart
38:14 Town Watch
39:00 Ballistics
39:18 Iron Casting
38:59 Chain Mail Armor
43:33 Imperial Age
41:39 Heavy Plow
44:44 Conscription
43:50 Arbalester
44:24 Halberdier
45:18 Bracer
47:01 Ring Archer Armor
47:32 Blast Furnace
55:38 Warwolf
57:08 Chemistry
58:25 Yeomen
Connection lost

Rejoining the realm…

Still unreachable

The connection could not be restored.

Session expired

The server has moved on; the page needs a fresh start.